| TOP OF THE 1ST |
|
Missoula Osprey batting - Pitching for Bristol Pirates : RHP Jon Taylor
|
|
Pitching: RHP Jon Taylor
|
|
|
Batting: RHB Isaiah Hampton
|
0-0: Ball 1-0: Called Strike 1-1: Ball 2-1: Foul Ball, location: 2F 2-2: Foul Ball, location: 2F 2-2: Foul Ball, location: 2F 2-2: SINGLE (Line Drive, 9S, EV 111.9 MPH)
|
|
Batting: LHB Danny Salas
|
0-0: Fielders Choice at 2nd, 5-4 (Groundball, 5, EV 84.4 MPH)
|
|
Batting: LHB Angelo Lira
|
0-0: Foul Ball, location: 2F 0-1: Ball 1-1: Ball Wild Pitch! Danny Salas to second 2-1: Ball 3-1: SINGLE (Groundball, 4MD, EV 107.5 MPH) Danny Salas to third Runner from 3rd tries for Home, SAFE, throw by CF to home
|
|
Batting: RHB Jose Cuellar
|
0-0: Called Strike 0-1: Ball Wild Pitch! Angelo Lira to second 1-1: Foul Ball, location: 2F 1-2: Ball 2-2: Foul Ball, location: 2F 2-2: Ball 3-2: Base on Balls
|
|
Batting: LHB Jalen Williams
|
0-0: Ball 1-0: Ball 2-0: Foul Ball, location: 2F 2-1: Ball 3-1: Base on Balls Angelo Lira to third Jose Cuellar to second
|
|
Batting: RHB Shing Mah
|
0-0: Ball 1-0: Fielders Choice at 2nd, 5-4 (Groundball, 56, EV 101.2 MPH) Angelo Lira scores Jose Cuellar to third
|
|
Batting: RHB Hyeok Shon
|
0-0: Ball 1-0: Ball Wild Pitch! Jose Cuellar scores Shing Mah to second 2-0: Ground out 5-3 (Groundball, 56, EV 80.0 MPH)
|
| Top of the 1st over - 3 runs, 2 hits, 0 errors, 1 left on base; Missoula 3 - Bristol 0 |
| BOTTOM OF THE 1ST |
|
Bristol Pirates batting - Pitching for Missoula Osprey : RHP Victor Cisneros
|
|
Pitching: RHP Victor Cisneros
|
|
|
Batting: RHB Matt Derrien
|
0-0: Ball 1-0: Called Strike 1-1: Foul Ball, location: 2F 1-2: Foul Ball, location: 2F 1-2: Strikes out swinging
|
|
Batting: RHB Ryan Thurston
|
0-0: Ball 1-0: Called Strike 1-1: Ball 2-1: Ground out 5-3 (Groundball, 56, EV 108.1 MPH)
|
|
Batting: RHB Jon Solis
|
0-0: SOLO HOME RUN (Flyball, 9D, EV 95.6 MPH), Distance : 362 ft
|
|
Batting: SHB Juan Ayala
|
0-0: Ball 1-0: Ball 2-0: Ball 3-0: Called Strike 3-1: SOLO HOME RUN (Flyball, 9D, EV 94.4 MPH), Distance : 349 ft
|
|
Batting: LHB Ernesto Gasca
|
0-0: SINGLE (Line Drive, 56, EV 96.9 MPH)
|
|
Batting: RHB Oscar Mora
|
0-0: Ground out U3 (Groundball, 34S, EV 89.4 MPH)
|
| Bottom of the 1st over - 2 runs, 3 hits, 0 errors, 1 left on base; Missoula 3 - Bristol 2 |
| TOP OF THE 2ND |
|
Missoula Osprey batting - Pitching for Bristol Pirates : RHP Jon Taylor
|
|
Batting: RHB Hector Tabares
|
0-0: Ball 1-0: Fly out, F7 (Flyball, 7, EV 88.8 MPH)
|
|
Batting: LHB Adam Spence
|
0-0: Ball 1-0: Ground out 4-3 (Groundball, 4, EV 105.0 MPH)
|
|
Batting: RHB Isaiah Hampton
|
0-0: Ball 1-0: Foul Ball, location: 2F 1-1: Ball 2-1: SINGLE (Line Drive, 78S, EV 94.4 MPH)
|
|
Batting: LHB Danny Salas
|
0-0: Ball 1-0: Called Strike 1-1: Ball Isaiah Hampton steals 2nd, throwing error, E2 Isaiah Hampton to third 2-1: Ball 3-1: Swinging Strike 3-2: Reached on error, E4 (Groundball, 4, EV 87.5 MPH) Isaiah Hampton scores
|
|
Batting: LHB Angelo Lira
|
0-0: Ball 1-0: Ball 2-0: Ball 3-0: Base on Balls
|
|
Batting: RHB Jose Cuellar
|
0-0: Ball 1-0: Called Strike 1-1: Ball 2-1: Called Strike 2-2: Ball 3-2: Ground out 6-3 (Groundball, 6, EV 88.8 MPH)
|
| Top of the 2nd over - 1 run, 1 hit, 2 errors, 2 left on base; Missoula 4 - Bristol 2 |
| BOTTOM OF THE 2ND |
|
Bristol Pirates batting - Pitching for Missoula Osprey : RHP Victor Cisneros
|
|
Batting: LHB Tommie Benefield
|
0-0: Called Strike 0-1: Ball 1-1: Called Strike 1-2: Ball 2-2: Ball 3-2: Foul Ball, location: 2F 3-2: Strikes out swinging
|
|
Batting: RHB Brian Brewster
|
0-0: Ground out 5-3 (Groundball, 56, EV 85.0 MPH)
|
|
Batting: RHB Zachery Loomis
|
0-0: Called Strike 0-1: Called Strike 0-2: Ball 1-2: Strikes out swinging
|
| Bottom of the 2nd over - 0 runs, 0 hits, 0 errors, 0 left on base; Missoula 4 - Bristol 2 |
| TOP OF THE 3RD |
|
Missoula Osprey batting - Pitching for Bristol Pirates : RHP Jon Taylor
|
|
Batting: LHB Jalen Williams
|
0-0: Called Strike 0-1: Foul Ball, location: 2F 0-2: Ground out 6-3 (Groundball, 6, EV 102.5 MPH)
|
|
Batting: RHB Shing Mah
|
0-0: Called Strike 0-1: Ball 1-1: Ball 2-1: Ball 3-1: Swinging Strike 3-2: Base on Balls
|
|
Batting: RHB Hyeok Shon
|
0-0: Ball 1-0: Ball 2-0: Called Strike 2-1: Foul Ball, location: 2F 2-2: Foul Ball, location: 2F 2-2: Grounds into double play, 5-4-3 (Groundball, 5, EV 103.1 MPH)
|
| Top of the 3rd over - 0 runs, 0 hits, 0 errors, 0 left on base; Missoula 4 - Bristol 2 |
| BOTTOM OF THE 3RD |
|
Bristol Pirates batting - Pitching for Missoula Osprey : RHP Victor Cisneros
|
|
Batting: RHB Matt Derrien
|
0-0: Ball 1-0: Foul Ball, location: 2F 1-1: Ball 2-1: Fly out, F3 (Popup, 3F, EV 81.2 MPH)
|
|
Batting: RHB Ryan Thurston
|
0-0: Foul Ball, location: 2F 0-1: Fly out, F4 (Popup, 34D, EV 71.2 MPH)
|
|
Batting: RHB Jon Solis
|
0-0: Ball 1-0: Called Strike 1-1: Ball 2-1: Foul Ball, location: 2F 2-2: Ground out 4-3 (Groundball, 4, EV 90.6 MPH)
|
| Bottom of the 3rd over - 0 runs, 0 hits, 0 errors, 0 left on base; Missoula 4 - Bristol 2 |
| TOP OF THE 4TH |
|
Missoula Osprey batting - Pitching for Bristol Pirates : RHP Jon Taylor
|
|
Batting: RHB Hector Tabares
|
0-0: Ball 1-0: Called Strike 1-1: Ball 2-1: Fly out, F9 (Flyball, 89S, EV 86.9 MPH)
|
|
Batting: LHB Adam Spence
|
0-0: Foul Ball, location: 2F 0-1: Ball 1-1: Ball 2-1: Fly out, F7 (Flyball, 78M, EV 90.6 MPH)
|
|
Batting: RHB Isaiah Hampton
|
0-0: Ball 1-0: Called Strike 1-1: Foul Ball, location: 2F 1-2: Ball 2-2: Ball 3-2: Ground out 5-3 (Groundball, 56S, EV 85.0 MPH)
|
| Top of the 4th over - 0 runs, 0 hits, 0 errors, 0 left on base; Missoula 4 - Bristol 2 |
| BOTTOM OF THE 4TH |
|
Bristol Pirates batting - Pitching for Missoula Osprey : RHP Victor Cisneros
|
|
Batting: SHB Juan Ayala
|
0-0: Foul Ball, location: 2F 0-1: Ground out U3 (Groundball, 3, EV 105.6 MPH)
|
|
Batting: LHB Ernesto Gasca
|
0-0: Ball 1-0: SOLO HOME RUN (Flyball, 78XD, EV 103.1 MPH), Distance : 413 ft
|
|
Batting: RHB Oscar Mora
|
0-0: Ball 1-0: Ball 2-0: Ball 3-0: Base on Balls
|
|
Batting: LHB Tommie Benefield
|
0-0: Swinging Strike 0-1: Called Strike 0-2: Strikes out looking
|
|
Batting: RHB Brian Brewster
|
0-0: Called Strike 0-1: Ball 1-1: Ball 2-1: Foul Ball, location: 2F 2-2: Foul Ball, location: 2F 2-2: Foul Ball, location: 2F 2-2: Strikes out swinging
|
| Bottom of the 4th over - 1 run, 1 hit, 0 errors, 1 left on base; Missoula 4 - Bristol 3 |
| TOP OF THE 5TH |
|
Missoula Osprey batting - Pitching for Bristol Pirates : RHP Jon Taylor
|
|
Pitching: RHP Ray Maki
|
|
|
Batting: LHB Danny Salas
|
0-0: Fly out, F8 (Line Drive, 8LM, EV 95.0 MPH)
|
|
Batting: LHB Angelo Lira
|
0-0: Called Strike 0-1: Foul Ball, location: 2F 0-2: SINGLE (Line Drive, 56D, EV 94.4 MPH)
|
|
Batting: RHB Jose Cuellar
|
0-0: Ball Angelo Lira steals 2nd base 1-0: Ground out 5-3 (Groundball, 56, EV 83.1 MPH)
|
|
Batting: LHB Jalen Williams
|
0-0: Ball 1-0: Called Strike 1-1: Swinging Strike 1-2: Ball 2-2: Strikes out swinging
|
| Top of the 5th over - 0 runs, 1 hit, 0 errors, 1 left on base; Missoula 4 - Bristol 3 |
| BOTTOM OF THE 5TH |
|
Bristol Pirates batting - Pitching for Missoula Osprey : RHP Victor Cisneros
|
|
Batting: RHB Zachery Loomis
|
0-0: Ball 1-0: Ball 2-0: Ball 3-0: Base on Balls
|
|
Batting: RHB Matt Derrien
|
0-0: Ball Zachery Loomis steals 2nd, throwing error, E2 Zachery Loomis to third 1-0: Ground out 4-3 (Groundball, 4M, EV 105.0 MPH) Zachery Loomis scores
|
|
Batting: RHB Ryan Thurston
|
0-0: Called Strike 0-1: Swinging Strike 0-2: Ball 1-2: Ball 2-2: Strikes out swinging
|
|
Batting: RHB Jon Solis
|
0-0: DOUBLE (Line Drive, 89XD, EV 108.8 MPH)
|
|
Batting: SHB Juan Ayala
|
0-0: Ball 1-0: Ball 2-0: Swinging Strike 2-1: Swinging Strike 2-2: Strikes out swinging
|
| Bottom of the 5th over - 1 run, 1 hit, 1 error, 1 left on base; Missoula 4 - Bristol 4 |
| TOP OF THE 6TH |
|
Missoula Osprey batting - Pitching for Bristol Pirates : RHP Ray Maki
|
|
Batting: RHB Shing Mah
|
0-0: Ball 1-0: Swinging Strike 1-1: Foul Ball, location: 2F 1-2: Strikes out swinging
|
|
Batting: RHB Hyeok Shon
|
0-0: Called Strike 0-1: Ball 1-1: Foul Ball, location: 2F 1-2: Strikes out swinging
|
|
Batting: RHB Hector Tabares
|
0-0: Foul Ball, location: 2F 0-1: Swinging Strike 0-2: TRIPLE (Flyball, 7D, EV 111.9 MPH)
|
|
Batting: LHB Adam Spence
|
0-0: Ball 1-0: Foul Ball, location: 2F 1-1: Foul Ball, location: 2F 1-2: Ground out 6-3 (Groundball, 4M, EV 81.9 MPH)
|
| Top of the 6th over - 0 runs, 1 hit, 0 errors, 1 left on base; Missoula 4 - Bristol 4 |
| BOTTOM OF THE 6TH |
|
Bristol Pirates batting - Pitching for Missoula Osprey : RHP Victor Cisneros
|
|
Batting: LHB Ernesto Gasca
|
0-0: Ball 1-0: Ball 2-0: Ball 3-0: Base on Balls
|
|
Pitching: RHP D.J. Bryant
|
|
|
Batting: RHB Oscar Mora
|
0-0: Called Strike 0-1: Ball Wild Pitch! Ernesto Gasca to second 1-1: Ball 2-1: Foul Ball, location: 2F 2-2: Foul Ball, location: 2F 2-2: Foul Ball, location: 2F 2-2: SINGLE (Groundball, 6, EV 103.8 MPH) Ernesto Gasca to third
|
|
Batting: LHB Tommie Benefield
|
0-0: Foul Ball, location: 2F 0-1: Called Strike 0-2: Ball 1-2: Strikes out swinging
|
|
Batting: RHB Brian Brewster
|
0-0: Ball 1-0: SINGLE (Groundball, 4MD, EV 106.9 MPH) Ernesto Gasca scores Oscar Mora to second
|
|
Batting: RHB Zachery Loomis
|
0-0: Ball 1-0: Foul Ball, location: 2F 1-1: Foul Ball, location: 2F 1-2: Strikes out swinging
|
|
Batting: RHB Matt Derrien
|
0-0: Called Strike 0-1: Ball 1-1: Swinging Strike 1-2: 3-RUN HOME RUN (Flyball, 89XD, EV 103.1 MPH), Distance : 412 ft
|
|
Pitching: LHP Carlos Alicea
|
|
|
Batting: RHB Ryan Thurston
|
0-0: Called Strike 0-1: Ball 1-1: Ball 2-1: Ball 3-1: Base on Balls
|
|
Batting: RHB Jon Solis
|
0-0: SINGLE (Groundball, 4MD, EV 101.2 MPH) Ryan Thurston to second Runner from 2nd tries for 3rd, SAFE, throw by CF made to third
|
|
Batting: SHB Juan Ayala
|
0-0: Ball 1-0: Ball 2-0: Ball 3-0: Base on Balls Jon Solis to second
|
|
Batting: LHB Ernesto Gasca
|
0-0: Called Strike 0-1: Ball 1-1: Ball 2-1: Fly out, F8 (Flyball, 8RD, EV 83.8 MPH)
|
| Bottom of the 6th over - 4 runs, 4 hits, 0 errors, 3 left on base; Missoula 4 - Bristol 8 |
| TOP OF THE 7TH |
|
Missoula Osprey batting - Pitching for Bristol Pirates : RHP Ray Maki
|
|
Now at 1B: Sun-wei Kuai
|
|
|
Batting: RHB Isaiah Hampton
|
0-0: SINGLE (Groundball, 6MD, EV 103.8 MPH) (infield hit)
|
|
Pitching: RHP Otok Barleyfoot
|
|
|
Now at 1B: Damien Cohen
|
|
|
Now in RF: Sun-wei Kuai
|
|
|
Batting: LHB Danny Salas
|
0-0: Called Strike 0-1: Sac Bunt to 23 - play at first, batter OUT! 3-4 Isaiah Hampton to second
|
|
Batting: LHB Angelo Lira
|
0-0: Ball 1-0: Called Strike 1-1: Called Strike 1-2: Ball 2-2: Ball 3-2: Base on Balls
|
|
Batting: RHB Jose Cuellar
|
0-0: Ball Wild Pitch! Isaiah Hampton to third Angelo Lira to second 1-0: Foul Ball, location: 2F 1-1: Ball 2-1: Called Strike 2-2: Strikes out looking
|
|
Batting: LHB Jalen Williams
|
0-0: Ball 1-0: Called Strike 1-1: Ball 2-1: Ground out 1-3 (Groundball, 34S, EV 67.5 MPH)
|
| Top of the 7th over - 0 runs, 1 hit, 0 errors, 2 left on base; Missoula 4 - Bristol 8 |
| BOTTOM OF THE 7TH |
|
Bristol Pirates batting - Pitching for Missoula Osprey : LHP Carlos Alicea
|
|
Batting: RHB Oscar Mora
|
0-0: DOUBLE (Line Drive, 5D, EV 101.9 MPH)
|
|
Batting: LHB Damien Cohen
|
0-0: Ball 1-0: Swinging Strike 1-1: Swinging Strike 1-2: Strikes out swinging
|
|
Batting: RHB Brian Brewster
|
0-0: Ground out 6-3 (Groundball, 6, EV 105.0 MPH)
|
|
Batting: RHB Zachery Loomis
|
0-0: DOUBLE (Flyball, 9LM, EV 100.0 MPH) Oscar Mora scores
|
|
Batting: RHB Matt Derrien
|
0-0: Ball 1-0: Fly out, F8 (Flyball, 8LD, EV 100.0 MPH)
|
| Bottom of the 7th over - 1 run, 2 hits, 0 errors, 1 left on base; Missoula 4 - Bristol 9 |
| TOP OF THE 8TH |
|
Missoula Osprey batting - Pitching for Bristol Pirates : RHP Otok Barleyfoot
|
|
Batting: RHB Shing Mah
|
0-0: Ground out 4-3 (Groundball, 4, EV 87.5 MPH)
|
|
Pinch Hitting: LHB Falco van Koeveringe
|
0-0: Called Strike 0-1: Swinging Strike 0-2: SINGLE (Line Drive, 8RS, EV 96.2 MPH)
|
|
Pinch Hitting: LHB Nelson Pelico
|
0-0: Called Strike 0-1: Swinging Strike 0-2: Hit by Pitch Falco van Koeveringe to second
|
|
Batting: LHB Adam Spence
|
0-0: Ball 1-0: Swinging Strike 1-1: Swinging Strike 1-2: Strikes out swinging
|
|
Pitching: LHP Francisco Mendoza
|
|
|
Batting: RHB Isaiah Hampton
|
0-0: Called Strike 0-1: Ball 1-1: Foul Ball, location: 2F 1-2: Ball 2-2: Ball 3-2: Strikes out swinging
|
| Top of the 8th over - 0 runs, 1 hit, 0 errors, 2 left on base; Missoula 4 - Bristol 9 |
| BOTTOM OF THE 8TH |
|
Bristol Pirates batting - Pitching for Missoula Osprey : LHP Carlos Alicea
|
|
Now at 2B: Angelo Lira
|
|
|
Now at 3B: Nelson Pelico
|
|
|
Now at SS: Claude Leduc
|
|
|
Batting: RHB Ryan Thurston
|
0-0: Hit by Pitch
|
|
Pitching: LHP Travis Osorio
|
|
|
Batting: RHB Jon Solis
|
0-0: Called Strike Ryan Thurston steals 2nd base 0-1: Called Strike 0-2: Strikes out looking
|
|
Batting: SHB Juan Ayala
|
0-0: Called Strike 0-1: Foul Ball, location: 2F 0-2: Ball 1-2: Foul Ball, location: 2F 1-2: Ball 2-2: 2-RUN HOME RUN (Flyball, 78XD, EV 114.4 MPH), Distance : 437 ft
|
|
Batting: LHB Sun-wei Kuai
|
0-0: Ball 1-0: Swinging Strike 1-1: Called Strike 1-2: Strikes out swinging
|
|
Batting: RHB Oscar Mora
|
0-0: Ground out 6-3 (Groundball, 6, EV 85.0 MPH)
|
| Bottom of the 8th over - 2 runs, 1 hit, 0 errors, 0 left on base; Missoula 4 - Bristol 11 |
| TOP OF THE 9TH |
|
Missoula Osprey batting - Pitching for Bristol Pirates : LHP Francisco Mendoza
|
|
Pinch Hitting: RHB Homer Petropoulos
|
0-0: Swinging Strike 0-1: Foul Ball, location: 2F 0-2: Foul Ball, location: 2F 0-2: Strikes out swinging
|
|
Pinch Hitting: RHB Edwin Romero
|
0-0: Ground out 1-3 (Groundball, 15S, EV 67.5 MPH)
|
|
Pinch Hitting: RHB Devon House
|
0-0: Fly out, F7 (Flyball, 78D, EV 95.6 MPH)
|
| Top of the 9th over - 0 runs, 0 hits, 0 errors, 0 left on base; Missoula 4 - Bristol 11 |
|